 Dungeon Crawl Stone Soup version 0.30-a0-852-g08b95dd62f (webtiles) character file.

Game seed: 12158652974176733882

5 Demosthentine the Ducker (level 1, -1/16 HPs)
             Began as a Demonspawn Gladiator on Mar 4, 2023.
             Frozen to death by an endoplasm (5 damage)
             ... on level 1 of the Dungeon.
             The game lasted 00:00:08 (315 turns).

Demosthentine the Ducker (Demonspawn Gladiator)      Turns: 315, Time: 00:00:08

Health: -1/16      AC:  4    Str: 14    XL:     1   Next: 66%
Magic:  1/1        EV: 12    Int:  9    God:
Gold:   100        SH:  0    Dex: 14    Spells: 0/0 levels left

rFire   . . .      SeeInvis .    a - +0 trident
rCold   . . .      Faith    .    (no shield)
rNeg    . . .      Spirit   .    b - +0 leather armour
rPois   .          Reflect  .    c - +0 helmet
rElec   .          Rampage  .    (no cloak)
rCorr   .                        (no gloves)
Will    .....                    (no boots)
Stlth   +                        (no amulet)
HPRegen 0.22/turn                (no ring)
MPRegen 0.07/turn                (no ring)

@: no status effects
A: no striking features
a: no special abilities


You were on level 1 of the Dungeon.
You visited 1 branch of the dungeon, and saw 1 of its levels.

You collected 100 gold pieces.

Inventory:

Hand Weapons
 a - a +0 trident (weapon)
Missiles
 d - 3 throwing nets (quivered)
 e - a javelin
Armour
 b - a +0 leather armour (worn)
 c - a +0 helmet (worn)
Scrolls
 h - a scroll of fog {unknown}
Potions
 f - a potion of attraction {unknown}
 g - a potion of resistance {unknown}


   Skills:
 + Level 2.1 Fighting
 + Level 2.7 Polearms
 - Level 1.7 Throwing
 + Level 0.3 Armour
 + Level 2.7 Dodging


You couldn't memorise any spells.
You didn't know any spells.
Your spell library contained the following spells:

 Spells                   Type           Power      Damage    Failure   Level
 Shock                    Conj/Air       0%         1d3       45%         1
 Swiftness                Air            0%         N/A       83%         3
 Airstrike                Air            0%         2d(0-16)  99%         4


Dungeon Overview and Level Annotations

Branches:
Dungeon (1/15)

Altars:


Message History

A bat comes into view.
An endoplasm comes into view.
The bat moves out of view.
You barely miss the kobold. The kobold barely misses you.
You barely miss the quokka. The quokka barely misses you.
The kobold barely misses you.
The quokka bites you but does no damage.
You hit the quokka.
The quokka is moderately wounded.
The kobold barely misses you.
The quokka bites you but does no damage.
The kobold barely misses you. The endoplasm hits you.
You hit the quokka.
You kill the quokka!
The endoplasm hits you. The kobold closely misses you.
You miss the bat. The bat hits you. The bat closely misses you.
The bat hits you but does no damage.
The endoplasm hits you but does no damage.
The kobold barely misses you.
You hit the endoplasm.
The endoplasm is lightly wounded.
The bat completely misses you. The endoplasm freezes you.
You are frozen.
The kobold hits you with a +0 short sword.
You hit the endoplasm but do no damage.
The endoplasm is lightly wounded.
The endoplasm freezes you.
You are frozen.
The kobold closely misses you.
You are too injured to fight recklessly!
You are too injured to fight recklessly!
The endoplasm attacks as you move away!
The endoplasm hits you but does no damage.
You hit the endoplasm.
The endoplasm is almost dead.
The endoplasm freezes you.
You are frozen.
* * * LOW HITPOINT WARNING * * *
The endoplasm freezes you.
You are frozen.
You die...

#(# .## #. #.$
.. ... ?| .#
#..##.#.#
##...†.?#
...b#..###
#.....K#
######J#
###.####@#
.........#
###.####.# #.#
# ##.####.###
#.......... ##
##......##
#...###.######
.#.....##


You could see an endoplasm and a kobold.

Vanquished Creatures
  A dart slug (D:1)
  A quokka (D:1)
  A kobold (D:1)
  A rat (D:1)
4 creatures vanquished.

Notes
Turn   | Place    | Note
-------+----------+-------------------------------------------
     0 | D:1      | Demosthentine the Demonspawn Gladiator began the quest for
                  | the Orb.
     0 | D:1      | Reached XP level 1. HP: 16/16 MP: 1/1
   315 | D:1      | Frozen to death by an endoplasm

Illustrated notes

Levels and vault maps discovered:
D:1:      minmay_arrival_five_plusses, layout_loops_ring, minmay_domino_4

Action                     || total
---------------------------++-------
  Melee: Trident           ||    13
 Armour: Leather armour    ||     6
  Dodge: Dodged            ||    10

Table legend: (Time is in decaauts)
 A = Elapsed time spent in this place.
 B = Non-inter-level travel time spent in this place.
 C = Inter-level travel time spent in this place.
 D = Time resting spent in this place.
 E = Time spent auto-exploring this place.
 F = Levels seen in this place.
 G = Mean time per level.
                   A        B        C        D        E       F      G
               +--------+--------+--------+--------+--------+-----+--------+
         Total |    316 |    316 |      0 |      0 |    277 |   1 |  316.0 |
       Dungeon |    316 |    316 |      0 |      0 |    277 |   1 |  316.0 |
               +--------+--------+--------+--------+--------+-----+--------+

Top non-repeatable levels by time:
     D:1: 316 daAuts
